Match 41851807
Unlisted

Match 41851807
End
Vickers Machine Gun Team
Construct Section Command Post
Selects Australian Defense Battlegroup
Selects Australian Light Infantry Section
Australian Light Infantry Section
ML 3-inch Mortar Team
Australian Light Infantry Section
Selects 2-pounder Anti-tank Gun Team
Construct Platoon Command Post
2-pounder Anti-tank Gun Team
Humber Armored Car
Unlock M3 Stuart Light Tanks
Selects CMP 15cwt Supply Run
Selects Artillery Trip Wire Flares
CMP 15cwt Supply Run
2-pounder Anti-tank Gun Team
M3 Stuart Light Tank
M3 Stuart Light Tank
Australian Light Infantry Section
6-pounder Anti-tank Gun Team
ML 3-inch Mortar Team
Selects Archer Tank Destroyer
Archer Tank Destroyer
Australian Light Infantry Section
Archer Tank Destroyer
Australian Light Infantry Section
Archer Tank Destroyer
Unlock Bishop Self-propelled Artillery
Bishop Self-propelled Artillery
Archer Tank Destroyer
Selects Vehicle Over Repair
Royal Engineer Section
muckyelgigante
abedip
Binio
Husar
ARchey
SIEPACZ
0
0

Comments sign in to comment!

No comments posted yet!